[ PARTIDA AOE2 · #505245828 ]
UnrankedMaya vs Bengalis
Equipo del jugador · DERR
Equipo rival · VICT
[ ANÁLISIS DE REPETICIÓN · EXTRAÍDO DE LA PARTIDA GRABADA ]
Feudal
8:50
Castillos
19:10
Imperial
—
| APM promedio | 68.5 |
| APM pico | 114 |
| eAPM promedio | 31.7 |
| Aldeanos / militares | 54 / 100 |
Foco
⚔️ 46.5% · 🌾 53.5%
Eagle Scout ×51 · Archer ×42 · Militia ×5 · Mangonel ×2
Feudal
10:05
Castillos
14:17
Imperial
—
| APM promedio | 45.4 |
| APM pico | 104 |
| eAPM promedio | 24.0 |
| Aldeanos / militares | 21 / 33 |
Foco
⚔️ 46.1% · 🌾 53.9%
Monk ×22 · Mangonel ×6 · Scorpion ×4 · Armored Elephant ×1
Mapa de la partida
Recursos iniciales + cada clic de construcción. Líneas = muros · curvas = relieve. ◆ oro · ⬟ piedra · ● bayas · ✦ reliquia · ◌ hueco del cierre
Tu base· ✓ Cerrada en 19:10 · 47t muro · sin puerta
Base de Shoskid· Abierta — el rival se encerró
Terreno inicial suavizado · ◌ = hueco del cierre detectado · pasá el cursor para detalles
Inputs por minuto
— Pirate - - Shoskid
Build order — Pirate
Primeras 150 de 235 acciones detectadas
| 0:00 | Investigar | Loom |
| 0:01 | Construir | House |
| 0:02 | Construir | House |
| 0:08 | Encolar | Villager (Male) |
| 0:15 | Encolar | Villager (Male) |
| 0:20 | Encolar | Villager (Male) |
| 0:20 | Encolar | Villager (Male) |
| 1:25 | Encolar | Villager (Male) |
| 2:03 | Encolar | Villager (Male) |
| 2:03 | Encolar | Villager (Male) |
| 2:04 | Encolar | Villager (Male) |
| 2:07 | Construir | Lumber Camp |
| 2:41 | Encolar | Villager (Male) |
| 3:05 | Encolar | Villager (Male) |
| 3:43 | Encolar | Villager (Male) |
| 3:48 | Construir | House |
| 3:53 | Encolar | Villager (Male) |
| 4:33 | Encolar | Villager (Male) |
| 4:33 | Encolar | Villager (Male) |
| 4:33 | Encolar | Villager (Male) |
| 4:41 | Construir | Palisade Wall |
| 4:44 | Construir | Palisade Wall |
| 4:53 | Encolar | Villager (Male) |
| 4:53 | Encolar | Villager (Male) |
| 5:00 | Encolar | Villager (Male) |
| 5:29 | Construir | Barracks |
| 5:31 | Construir | House |
| 6:02 | Encolar | Villager (Male) |
| 6:40 | Investigar | Feudal Age |
| 7:00 | Construir | Mining Camp |
| 7:05 | Encolar | Militia |
| 7:13 | Encolar | Militia |
| 7:49 | Encolar | Militia |
| 8:19 | Encolar | Villager (Male) |
| 8:29 | Construir | House |
| 8:35 | Construir | House |
| 8:50 | Edad | Edad Feudal |
| 9:06 | Encolar | Militia |
| 9:06 | Investigar | Man-at-Arms (upgrade) |
| 9:09 | Construir | Archery Range |
| 9:12 | Construir | Palisade Wall |
| 9:14 | Encolar | Villager (Male) |
| 9:42 | Encolar | Militia |
| 9:43 | Encolar | Villager (Male) |
| 10:03 | Investigar | Double-Bit Axe |
| 10:11 | Encolar | Villager (Male) |
| 10:17 | Encolar | Villager (Male) |
| 10:18 | Construir | Mill |
| 10:25 | Construir | House |
| 10:26 | Construir | House |
| 10:49 | Encolar | Archer |
| 11:00 | Encolar | Villager (Male) |
| 11:08 | Construir | Farm |
| 11:09 | Construir | Farm |
| 11:29 | Encolar | Villager (Male) |
| 11:50 | Encolar | Archer |
| 11:53 | Encolar | Villager (Male) |
| 11:56 | Construir | Farm |
| 11:59 | Construir | Farm |
| 12:01 | Construir | House |
| 12:03 | Construir | Palisade Wall |
| 12:09 | Construir | Palisade Wall |
| 12:18 | Encolar | Villager (Male) |
| 12:36 | Encolar | Archer |
| 12:37 | Encolar | Archer |
| 12:47 | Encolar | Villager (Male) |
| 12:48 | Construir | Farm |
| 12:54 | Construir | Farm |
| 12:56 | Construir | Farm |
| 13:20 | Encolar | Villager (Male) |
| 13:35 | Encolar | Villager (Male) |
| 13:37 | Construir | Blacksmith |
| 13:40 | Construir | Palisade Wall |
| 13:41 | Construir | Palisade Wall |
| 13:58 | Construir | House |
| 14:02 | Construir | Palisade Wall |
| 14:04 | Encolar | Villager (Male) |
| 14:26 | Encolar | Villager (Male) |
| 15:10 | Encolar | Villager (Male) |
| 15:16 | Construir | Palisade Wall |
| 15:17 | Construir | Market |
| 15:38 | Encolar | Villager (Male) |
| 16:01 | Encolar | Villager (Male) |
| 16:30 | Investigar | Castle Age |
| 17:25 | Construir | Archery Range |
| 17:26 | Encolar | Archer |
| 17:26 | Encolar | Archer |
| 17:30 | Investigar | Scale Mail Armor |
| 17:32 | Encolar | Eagle Scout |
| 17:32 | Encolar | Eagle Scout |
| 17:41 | Investigar | Horse Collar |
| 17:49 | Investigar | Gold Mining |
| 18:07 | Investigar | Forging |
| 18:10 | Encolar | Eagle Scout |
| 18:16 | Encolar | Archer |
| 18:17 | Encolar | Archer |
| 18:27 | Encolar | Archer |
| 18:27 | Encolar | Archer |
| 18:34 | Investigar | Fletching |
| 19:10 | Edad | Edad de los Castillos |
| 19:16 | Investigar | Bodkin Arrow |
| 19:21 | Encolar | Archer |
| 19:21 | Encolar | Archer |
| 19:23 | Encolar | Eagle Scout |
| 19:23 | Encolar | Eagle Scout |
| 19:31 | Encolar | Archer |
| 19:34 | Encolar | Archer |
| 19:34 | Encolar | Archer |
| 19:35 | Construir | Barracks |
| 19:52 | Encolar | Archer |
| 19:56 | Encolar | Villager (Male) |
| 19:56 | Encolar | Villager (Male) |
| 20:01 | Investigar | Forging |
| 20:10 | Encolar | Eagle Scout |
| 20:15 | Construir | Archery Range |
| 20:22 | Encolar | Eagle Scout |
| 20:22 | Encolar | Eagle Scout |
| 20:58 | Encolar | Eagle Scout |
| 20:58 | Encolar | Eagle Scout |
| 21:12 | Encolar | Eagle Scout |
| 21:12 | Encolar | Eagle Scout |
| 21:13 | Encolar | Archer |
| 21:13 | Encolar | Archer |
| 21:21 | Encolar | Archer |
| 21:38 | Investigar | Crossbowman (upgrade) |
| 21:40 | Encolar | Eagle Scout |
| 21:41 | Encolar | Eagle Scout |
| 21:46 | Encolar | Villager (Male) |
| 21:59 | Encolar | Eagle Scout |
| 22:00 | Encolar | Archer |
| 22:00 | Encolar | Archer |
| 22:01 | Encolar | Archer |
| 22:12 | Encolar | Archer |
| 22:12 | Encolar | Archer |
| 22:17 | Construir | Barracks |
| 22:21 | Encolar | Archer |
| 22:21 | Encolar | Archer |
| 22:27 | Encolar | Eagle Scout |
| 22:27 | Encolar | Eagle Scout |
| 22:31 | Construir | House |
| 22:32 | Construir | House |
| 22:34 | Construir | House |
| 22:34 | Construir | House |
| 22:38 | Encolar | Archer |
| 23:01 | Encolar | Eagle Scout |
| 23:01 | Encolar | Eagle Scout |
| 23:02 | Encolar | Archer |
| 23:14 | Encolar | Villager (Male) |
| 23:14 | Encolar | Villager (Male) |
| 23:20 | Construir | Mining Camp |
Build order — Shoskid
134 acciones detectadas en el replay
| 0:00 | Encolar | Villager (Male) |
| 0:00 | Encolar | Villager (Male) |
| 0:01 | Encolar | Villager (Male) |
| 0:01 | Encolar | Villager (Male) |
| 0:02 | Construir | House |
| 0:04 | Construir | House |
| 1:20 | Encolar | Villager (Male) |
| 2:05 | Encolar | Villager (Male) |
| 2:05 | Encolar | Villager (Male) |
| 2:24 | Construir | Lumber Camp |
| 2:28 | Encolar | Villager (Male) |
| 2:29 | Encolar | Villager (Male) |
| 3:14 | Encolar | Villager (Male) |
| 3:15 | Encolar | Villager (Male) |
| 3:29 | Construir | House |
| 3:46 | Encolar | Villager (Male) |
| 4:07 | Encolar | Villager (Male) |
| 4:13 | Construir | House |
| 4:16 | Construir | Palisade Wall |
| 4:31 | Encolar | Villager (Male) |
| 4:45 | Construir | Mill |
| 4:47 | Construir | Palisade Wall |
| 4:47 | Construir | Palisade Wall |
| 4:48 | Construir | Palisade Wall |
| 4:56 | Encolar | Villager (Male) |
| 4:56 | Encolar | Villager (Male) |
| 5:28 | Construir | Palisade Wall |
| 5:29 | Construir | Palisade Wall |
| 5:31 | Construir | Palisade Wall |
| 5:32 | Construir | Palisade Wall |
| 5:32 | Construir | Palisade Wall |
| 5:38 | Construir | Palisade Wall |
| 5:44 | Encolar | Villager (Male) |
| 6:00 | Construir | Palisade Wall |
| 6:04 | Encolar | Villager (Male) |
| 6:10 | Encolar | Villager (Male) |
| 6:12 | Encolar | Villager (Male) |
| 6:13 | Investigar | Loom |
| 6:29 | Construir | Mining Camp |
| 6:52 | Encolar | Villager (Male) |
| 7:00 | Construir | Palisade Wall |
| 7:02 | Construir | Palisade Wall |
| 7:03 | Construir | Palisade Wall |
| 7:08 | Construir | Palisade Wall |
| 7:11 | Construir | Palisade Wall |
| 7:19 | Construir | Palisade Wall |
| 7:20 | Construir | Palisade Wall |
| 7:21 | Construir | Palisade Wall |
| 7:23 | Construir | Palisade Wall |
| 7:24 | Construir | Palisade Wall |
| 7:25 | Construir | Palisade Wall |
| 7:26 | Construir | Palisade Wall |
| 7:26 | Construir | Palisade Wall |
| 7:31 | Construir | Palisade Wall |
| 7:52 | Investigar | Feudal Age |
| 8:46 | Construir | Palisade Wall |
| 8:48 | Construir | Palisade Wall |
| 8:49 | Construir | Palisade Wall |
| 8:57 | Construir | Palisade Wall |
| 10:05 | Edad | Edad Feudal |
| 10:14 | Construir | Market |
| 10:37 | Construir | Blacksmith |
| 11:24 | Construir | Palisade Wall |
| 11:37 | Investigar | Castle Age |
| 13:08 | Construir | Watch Tower |
| 13:23 | Construir | House |
| 13:24 | Construir | House |
| 13:25 | Construir | House |
| 14:17 | Edad | Edad de los Castillos |
| 14:18 | Construir | Siege Workshop |
| 14:35 | Construir | Monastery |
| 15:26 | Encolar | Mangonel |
| 15:40 | Construir | Palisade Wall |
| 15:42 | Construir | Palisade Wall |
| 15:45 | Construir | Palisade Wall |
| 15:47 | Construir | Palisade Wall |
| 15:49 | Construir | Palisade Wall |
| 15:51 | Construir | Palisade Wall |
| 16:13 | Construir | Palisade Wall |
| 16:24 | Encolar | Armored Elephant |
| 16:35 | Encolar | Monk |
| 16:36 | Encolar | Monk |
| 16:47 | Construir | Palisade Wall |
| 17:27 | Encolar | Monk |
| 17:31 | Construir | Monastery |
| 17:46 | Investigar | Sanctity |
| 18:10 | Encolar | Scorpion |
| 18:13 | Construir | House |
| 18:16 | Construir | House |
| 18:30 | Encolar | Monk |
| 18:35 | Construir | House |
| 19:35 | Encolar | Monk |
| 19:37 | Encolar | Monk |
| 19:56 | Encolar | Monk |
| 20:04 | Construir | House |
| 20:23 | Encolar | Monk |
| 20:29 | Construir | House |
| 22:01 | Encolar | Monk |
| 22:01 | Encolar | Monk |
| 22:03 | Encolar | Mangonel |
| 22:04 | Encolar | Mangonel |
| 22:33 | Encolar | Monk |
| 22:52 | Construir | Palisade Wall |
| 23:11 | Construir | Palisade Wall |
| 23:13 | Construir | Palisade Wall |
| 23:14 | Construir | Palisade Wall |
| 24:07 | Encolar | Monk |
| 24:07 | Encolar | Monk |
| 24:09 | Encolar | Mangonel |
| 24:36 | Encolar | Monk |
| 24:41 | Encolar | Mangonel |
| 24:59 | Encolar | Monk |
| 25:36 | Encolar | Scorpion |
| 25:39 | Encolar | Monk |
| 25:42 | Encolar | Monk |
| 26:24 | Construir | Siege Workshop |
| 27:26 | Encolar | Monk |
| 27:26 | Encolar | Monk |
| 27:29 | Encolar | Scorpion |
| 28:31 | Encolar | Monk |
| 28:35 | Encolar | Scorpion |
| 29:21 | Encolar | Monk |
| 29:41 | Construir | House |
| 29:42 | Construir | Palisade Wall |
| 29:43 | Construir | Palisade Wall |
| 29:44 | Construir | Palisade Wall |
| 29:44 | Construir | Palisade Wall |
| 29:45 | Construir | Palisade Wall |
| 29:56 | Encolar | Mangonel |
| 30:14 | Construir | Palisade Wall |
| 30:15 | Construir | Palisade Wall |
| 30:15 | Construir | Palisade Wall |
| 30:16 | Construir | Palisade Wall |
| 30:27 | Encolar | Monk |
Cronología de la partida
| 4:16 | Shoskid · wall_segment Palisade Wall x4 |
| 4:41 | Pirate · wall_segment Palisade Wall x1 |
| 4:44 | Pirate · wall_segment Palisade Wall x1 |
| 4:47 | Shoskid · wall_segment Palisade Wall x1 |
| 4:47 | Shoskid · wall_segment Palisade Wall x1 |
| 4:48 | Shoskid · wall_segment Palisade Wall x1 |
| 5:28 | Shoskid · wall_segment Palisade Wall x1 |
| 5:29 | Pirate · first_building Barracks |
| 5:29 | Shoskid · wall_segment Palisade Wall x1 |
| 5:31 | Shoskid · wall_segment Palisade Wall x1 |
| 5:32 | Shoskid · wall_segment Palisade Wall x1 |
| 5:32 | Shoskid · wall_segment Palisade Wall x1 |
| 5:38 | Shoskid · wall_segment Palisade Wall x1 |
| 6:00 | Shoskid · wall_segment Palisade Wall x4 |
| 7:00 | Shoskid · wall_segment Palisade Wall x1 |
| 7:02 | Shoskid · wall_segment Palisade Wall x1 |
| 7:03 | Shoskid · wall_segment Palisade Wall x1 |
| 7:08 | Shoskid · wall_segment Palisade Wall x7 |
| 7:11 | Shoskid · wall_segment Palisade Wall x1 |
| 7:19 | Shoskid · wall_segment Palisade Wall x1 |
| 7:20 | Shoskid · wall_segment Palisade Wall x1 |
| 7:21 | Shoskid · wall_segment Palisade Wall x1 |
| 7:23 | Shoskid · wall_segment Palisade Wall x1 |
| 7:24 | Shoskid · wall_segment Palisade Wall x1 |
| 7:25 | Shoskid · wall_segment Palisade Wall x1 |
| 7:26 | Shoskid · wall_segment Palisade Wall x1 |
| 7:26 | Shoskid · wall_segment Palisade Wall x1 |
| 7:31 | Shoskid · wall_segment Palisade Wall x6 |
| 8:46 | Shoskid · wall_segment Palisade Wall x1 |
| 8:48 | Shoskid · wall_segment Palisade Wall x1 |
| 8:49 | Shoskid · wall_segment Palisade Wall x1 |
| 8:50 | Pirate · age_up feudal |
| 8:57 | Shoskid · wall_segment Palisade Wall x1 |
| 9:09 | Pirate · first_building Archery Range |
| 9:12 | Pirate · wall_segment Palisade Wall x1 |
| 10:05 | Shoskid · age_up feudal |
| 11:24 | Shoskid · wall_segment Palisade Wall x1 |
| 12:03 | Pirate · wall_segment Palisade Wall x5 |
| 12:09 | Pirate · wall_segment Palisade Wall x13 |
| 13:40 | Pirate · wall_segment Palisade Wall x5 |
| 13:41 | Pirate · wall_segment Palisade Wall x3 |
| 14:02 | Pirate · wall_segment Palisade Wall x18 |
| 14:17 | Shoskid · age_up castle |
| 14:18 | Shoskid · first_building Siege Workshop |
| 14:35 | Shoskid · first_building Monastery |
| 15:16 | Pirate · wall_segment Palisade Wall x1 |
| 15:40 | Shoskid · wall_segment Palisade Wall x1 |
| 15:42 | Shoskid · wall_segment Palisade Wall x1 |
| 15:45 | Shoskid · wall_segment Palisade Wall x1 |
| 15:47 | Shoskid · wall_segment Palisade Wall x1 |
| 15:49 | Shoskid · wall_segment Palisade Wall x1 |
| 15:51 | Shoskid · wall_segment Palisade Wall x1 |
| 16:02 | Shoskid · first_market_buy 100 wood |
| 16:13 | Shoskid · wall_segment Palisade Wall x1 |
| 16:24 | Pirate · first_market_buy 100 food |
| 16:47 | Shoskid · wall_segment Palisade Wall x1 |
| 19:10 | Pirate · age_up castle |
| 22:10 | Pirate · first_market_sell 500 stone |
| 22:52 | Shoskid · wall_segment Palisade Wall x6 |
| 23:11 | Shoskid · wall_segment Palisade Wall x1 |
| 23:13 | Shoskid · wall_segment Palisade Wall x1 |
| 23:14 | Shoskid · wall_segment Palisade Wall x1 |
| 24:40 | Shoskid · first_market_sell 100 wood |
| 27:25 | Pirate · first_building Siege Workshop |
| 29:37 | Pirate · first_building Monastery |
| 29:42 | Shoskid · wall_segment Palisade Wall x1 |
| 29:43 | Shoskid · wall_segment Palisade Wall x1 |
| 29:44 | Shoskid · wall_segment Palisade Wall x1 |
| 29:44 | Shoskid · wall_segment Palisade Wall x1 |
| 29:45 | Shoskid · wall_segment Palisade Wall x1 |
| 30:14 | Shoskid · wall_segment Palisade Wall x1 |
| 30:15 | Shoskid · wall_segment Palisade Wall x1 |
| 30:15 | Shoskid · wall_segment Palisade Wall x1 |
| 30:16 | Shoskid · wall_segment Palisade Wall x1 |
| 32:46 | Pirate · resign |
[ ANÁLISIS IA · 1 CRÉDITO ]
¿Qué pasó realmente en esta partida?
Wolo.gg analiza cada decisión: build order, eco, micro, errores típicos por bracket. Análisis personalizado por WhatsApp o Discord en 30 segundos.
Guía civ
Maya
Perfil
Jugador #1314256